 Dungeon Crawl Stone Soup version 0.20.1-1-g8b1a95d (webtiles) character file.

44 Nattfarinn the Skirmisher (level 3, -1/36 HPs)
             Began as a Gargoyle Berserker on Aug 1, 2017.
             Was a Follower of Trog.
             Slain by a kobold
             ... wielding a +0 whip
              (2 damage)
             ... on level 2 of the Dungeon.
             The game lasted 00:02:00 (932 turns).

Nattfarinn the Skirmisher (Gargoyle Berserker)       Turns: 932, Time: 00:02:00

Health: -1/36      AC:  5    Str: 25    XL:     3   Next: 62%
Magic:  3/3        EV: 11    Int:  7    God:    Trog [*.....]
Gold:   28         SH:  3    Dex: 10    Spells: 2/2 levels left

rFire    . . .     SeeInvis .   a - +0 mace
rCold    . . .     Gourm    .   j - +0 buckler
rNeg     + . .     Faith    .   b - +0 animal skin
rPois    ∞         Spirit   .   (no helmet)
rElec    +         Reflect  .   (no cloak)
rCorr    .         Harm     .   (no gloves)
MR       .....                  (no boots)
Stlth    ..........             (no amulet)
Regen    0.2/turn               (no ring)
MPRegen  0.1/turn               (no ring)

@: berserking, very quick
A: negative energy resistance 1, electricity resistance, unbreathing,
petrification resistance, rot immunity, AC +3
a: Berserk, Burn Spellbooks, Renounce Religion


You were on level 2 of the Dungeon.
You worshipped Trog.
Trog was aware of your devotion.
You were hungry.

You visited 1 branch of the dungeon, and saw 2 of its levels.

You collected 28 gold pieces.

Inventory:

Hand Weapons
 a - a +0 mace (weapon)
Armour
 b - a +0 animal skin (worn)
 j - a +0 buckler (worn)
Scrolls
 d - a scroll of recharging {unknown}
 f - a scroll of teleportation {unknown}
 g - a scroll of remove curse {unknown}
 h - a scroll of amnesia {unknown}
 k - a scroll of identify {unknown}
Potions
 e - a potion of might {unknown}
 i - a potion of agility {unknown}
 m - a potion of haste {unknown}
 n - a potion of ambrosia {unknown}
Comestibles
 c - 4 bread rations
 l - a meat ration


   Skills:
 * Level 4.2 Fighting
 + Level 3.2 Maces & Flails
 * Level 2.9 Armour
 - Level 1.6 Dodging


You had 2 spell levels left.
You didn't know any spells.

Dungeon Overview and Level Annotations

Branches:
Dungeon (2/15)

Altars:


Innate Abilities, Weirdness & Mutations

You are resistant to torment.
Your stone body is resilient. (AC +3)
You are immune to poison.
You resist negative energy. (rN+)
You are resistant to electric shocks. (rElec)
You can survive without breathing.
You are immune to petrification.
You are immune to rotting.


Message History

* * * LOW HITPOINT WARNING * * *
The adder bites you.
* * * LOW HITPOINT WARNING * * *
The kobold barely misses you.
You miss the adder.
The adder is almost dead.
You block the hobgoblin's attack. The adder bites you.
* * * LOW HITPOINT WARNING * * *
You thump the adder!
You kill the adder!
Trog accepts your kill. The kobold closely misses you.
The hobgoblin hits you with a club.
* * * LOW HITPOINT WARNING * * *
Unknown command.
You thump the hobgoblin!
You kill the hobgoblin!
Trog accepts your kill. The kobold barely misses you.
You closely miss the kobold. The kobold hits you with a whip.
You die...

###############
########.....(........
.......<(..##########.
####.#.###.# #. ##...#
#.# #.
#.#.K..###.##########.
#....@..(..........##.
#...)...(....#####.##.
#....#.#........# #.##.
..#....##...##.### #.#..
#.....# #..#.....# #.#.#
#..#...#.#.#....†####....
#. #..........†.........#
##.#....#.....#.>..#.#
#.####.....#.####.#


You could see a kobold.

Vanquished Creatures
  3 adders (D:2)
  2 dart slugs
  A leopard gecko (D:1)
  A goblin (D:2)
  A hobgoblin (D:2)
  A bat (D:1)
  2 frilled lizards (D:1)
  2 kobolds
  4 rats
17 creatures vanquished.

Notes
Turn   | Place    | Note
-------+----------+-------------------------------------------
     0 | D:1      | Nattfarinn the Gargoyle Berserker began the quest for the Orb.
     0 | D:1      | Reached XP level 1. HP: 14/14 MP: 1/1
   239 | D:1      | Reached XP level 2. HP: 16/19 MP: 2/2
   632 | D:2      | Reached skill level 4 in Fighting
   632 | D:2      | Reached XP level 3. HP: 9/24 MP: 3/3
   930 | D:2      | HP: 1/36 [hobgoblin/club (1)]
   932 | D:2      | Slain by a kobold

Skill      XL: |  1  2 |
---------------+-------+-----
Fighting       | 4 |  4.2
Maces & Flails | |  3.2
Armour         | |  2.9
Dodging        | |  1.6

Action                   || total
-------------------------++-------
Melee: Mace              ||    70
Invok: Berserk           ||     2
  Eat: Chunk             ||     1
Armor: Animal skin       ||    22
Dodge: Dodged            ||    52
Block: Buckler           ||     4
